 Dungeon Crawl Stone Soup version 0.15.1-1-gfacfea3 (webtiles) character file.

286 LordSUSHI the Ruffian (level 6, 0/61 HPs)
             Began as a Troll Monk on Sept 23, 2014.
             Slain by a phantom (5 damage)
             ... on Level 4 of the Dungeon.
             The game lasted 00:16:51 (2218 turns).

LordSUSHI the Ruffian (Troll Monk)                  Turns: 2218, Time: 00:16:52

HP   0/61        AC  5     Str 22      XL: 6   Next:  8%
MP   3/3         EV 11     Int  6      God:
Gold 160         SH  0     Dex 12      Spells:  0 memorised,  5 levels left

rFire  . . .     SeeInvis .       - Unarmed
rCold  . . .     Clarity  .     a - +0 robe
rNeg   . . .     rCorr    .     (shield restricted)
rPois  .         rRot     .     (helmet restricted)
rElec  .         Spirit   .     (no cloak)
SustAb .         Warding  .     (gloves unavailable)
rMut   .         Stasis   .     (boots unavailable)
Gourm  +                        (no amulet)
MR     .....                    (no ring)
                                (no ring)

@: not resistant to hostile enchantments, very unstealthy
A: unfitting armour, claws 3, fast metabolism 3, gourmand, regeneration 2,
saprovore 2, shaggy fur 1, tough skin 2
a: no special abilities


You were on level 4 of the Dungeon.
You were full.

You visited 1 branch of the dungeon, and saw 4 of its levels.

You collected 160 gold pieces.

Inventory:

Missiles
 k - 46 stones (quivered)
 m - 5 tomahawks
 t - 2 javelins
Armour
 a - a +0 robe (worn)
 f - a +0 robe
Comestibles
 b - 3 meat rations
 r - a bread ration
 s - a beef jerky
Scrolls
 c - a scroll of enchant armour {unknown}
 i - 2 scrolls of fog {unknown}
 j - a scroll of random uselessness {unknown}
 n - a scroll of fear {unknown}
 o - 2 scrolls of teleportation {unknown}
 q - 12 scrolls of identify {unknown}
Jewellery
 e - an uncursed ring of wizardry {unknown}
 g - an uncursed ring of stealth {unknown}
Potions
 d - a potion of curing
 h - a potion of invisibility {unknown}
 l - a potion of cure mutation {unknown}
 p - a potion of mutation {unknown}
 u - a potion of degeneration {unknown}
Books
 v - a book of Conjurations

   Spells                             Type                      Level
   Magic Dart                         Conjuration                  1
   Searing Ray                        Conjuration                  2
   Dazzling Spray                     Conjuration/Hexes            3
   Fulminant Prism                    Conjuration/Hexes            4
   Iskenderun's Mystic Blast          Conjuration                  4
   Iskenderun's Battlesphere          Conjuration/Charms           5


   Skills:
 + Level 3.0 Fighting
 + Level 1.7 Throwing
 + Level 3.5 Dodging
 - Level 1.1 Stealth
 * Level 5.8 Unarmed Combat


You had 5 spell levels left.
You didn't know any spells.

Dungeon Overview and Level Annotations

Branches:
Dungeon (4/15)
 Temple: D:4-7

Altars:


Innate Abilities, Weirdness & Mutations

You are too large for most types of armour.
You have claws for hands.
Your metabolism is lightning-fast.
You like to eat raw meat.
You heal very quickly.
You can eat rotten meat.
You are covered in fur (AC +1).
You have very tough skin (AC +2).


Message History

The phantom hits you but does no damage.
You feel better.
It was a potion of curing.
You have identified the last healing potion.
The phantom hits you.
* * * LOW HITPOINT WARNING * * *
You scratch the phantom.
The phantom is lightly damaged.
The phantom hits you.
* * * LOW HITPOINT WARNING * * *
The phantom blinks!
The phantom hits you.
* * * LOW HITPOINT WARNING * * *
You closely miss the phantom. The phantom hits you.
* * * LOW HITPOINT WARNING * * *
You barely miss the phantom. Your punch misses the phantom.
The phantom misses you.
You scratch the phantom.
The phantom is lightly damaged.
The phantom hits you.
You die...

#...# ####..#.##
#..#######..#...
#...........###.
#..########..... #..#
###### #..# #...
###.#####..###### #...
........W........# #...
.....###@#####...#####...
#....)# #.##......
#####(# ..+.....# #(#
..........#
#.###.....g#.....#
#.......Wa. .....#
#........#. #...#
#......@.. . . ..######..


You could see a phantom.

Vanquished Creatures
  Edmund (D:4)
  An orc priest (D:4)
  An orc wizard (D:4)
  Jessica (D:2)
  A giant mite (D:4)
  2 worms (D:2)
  3 giant geckos
  An ooze (D:2)
  3 orcs
  12 bats
  6 goblins
  8 hobgoblins
  10 jackals
  A ball python (D:1)
  2 giant cockroaches (D:1)
  5 giant newts
  8 kobolds
  8 rats
74 creatures vanquished.

Notes
Turn   | Place    | Note
--------------------------------------------------------------
     0 | D:1      | LordSUSHI, the Troll Monk, began the quest for the Orb.
     0 | D:1      | Reached XP level 1. HP: 22/22 MP: 1/1
   189 | D:1      | Reached XP level 2. HP: 29/29 MP: 1/1
   560 | D:1      | Reached XP level 3. HP: 34/36 MP: 2/2
  1234 | D:2      | Noticed Jessica
  1252 | D:2      | Killed Jessica
  1252 | D:2      | Reached skill level 5 in Unarmed Combat
  1252 | D:2      | Reached XP level 4. HP: 30/44 MP: 2/2
  1965 | D:4      | Reached skill level 1 in Throwing
  1981 | D:4      | Reached XP level 5. HP: 20/52 MP: 2/2
  2173 | D:4      | Noticed Edmund
  2174 | D:4      | Noticed a phantom
  2202 | D:4      | Killed Edmund
  2202 | D:4      | Reached XP level 6. HP: 16/61 MP: 3/3
  2218 | D:4      | Slain by a phantom

Action                   |  1- 3 |  4- 6 || total
-------------------------+-------+-------++-------
Melee: Unarmed           |   104 |   106 ||   210
Throw: Stone             |    17 |    58 ||    75
  Use: Scroll            |       |     1 ||     1
       Potion            |       |     1 ||     1
 Stab: Sleeping          |     1 |       ||     1
  Eat: Chunk             |    10 |    12 ||    22
